 Dungeon Crawl Stone Soup version 0.21.1-1-g345015f (webtiles) character file.

119 nightchill the Insei (level 5, 0/40 HPs)
             Began as a Gnoll Transmuter on Apr 6, 2018.
             Slain by a jackal (1 damage)
             ... on level 3 of the Dungeon.
             The game lasted 00:04:14 (1446 turns).

nightchill the Insei (Gnoll Transmuter)             Turns: 1446, Time: 00:04:16

Health: 0/40       AC: 10    Str: 14    XL:     5   Next: 3%
Magic:  12/12      EV:  5    Int: 15    God:
Gold:   113        SH:  0    Dex: 15    Spells: 13/14 levels left

rFire    . . .     SeeInvis .   p - +3 dagger
rCold    . . .     Gourm    .   (no shield)
rNeg     . . .     Faith    .   i - +0 plate armour
rPois    .         Spirit   .   (no helmet)
rElec    .         Reflect  .   r - scarf {cloud immunity}
rCorr    .         Harm     .   (no gloves)
MR       .....                  (no boots)
Stlth    ..........             n - amulet of rage
HPRegen  0.13/turn              (no ring)
MPRegen  0.13/turn              (no ring)

@: no status effects
A: distributed training, fangs 1, strong nose
a: Evoke Berserk Rage


You were on level 3 of the Dungeon.
You were not hungry.

You visited 1 branch of the dungeon, and saw 3 of its levels.

You collected 113 gold pieces.

Inventory:

Hand Weapons
 p - a +3 dagger (weapon)
Missiles
 a - 48 arrows
 f - 104 stones (quivered)
Armour
 b - a +0 robe
 i - a +0 plate armour (worn)
 r - a scarf of cloud immunity (worn)
Jewellery
 n - an amulet of rage (around neck)
 o - an uncursed amulet of regeneration
Scrolls
 e - 6 scrolls of identify {unknown}
 j - a scroll of random uselessness {unknown}
 k - 2 scrolls of enchant weapon {unknown}
 l - a scroll of remove curse {unknown}
 m - 2 scrolls of teleportation {unknown}
Potions
 h - 2 potions of might {unknown}
 q - a potion of ambrosia {unknown}
Books
 c - a book of Changes

   Spells                             Type                      Level
   a - Beastly Appendage              Transmutation                1
   b - Sticks to Snakes               Transmutation                2
   c - Spider Form                    Transmutation/Poison         3
   d - Ice Form                       Ice/Transmutation            4
   e - Blade Hands                    Transmutation                5
Comestibles
 d - 7 rations
 g - 5 chunks of flesh


   Skills:
 + Level 2.8 Fighting
 + Level 1.3 Short Blades
 + Level 1.3 Long Blades
 + Level 1.3 Axes
 + Level 1.3 Maces & Flails
 + Level 1.3 Polearms
 + Level 1.3 Staves
 + Level 1.3 Slings
 + Level 1.3 Bows
 + Level 1.3 Crossbows
 + Level 1.3 Throwing
 + Level 1.3 Armour
 + Level 4.7 Dodging
 + Level 1.3 Stealth
 + Level 1.3 Shields
 + Level 6.6 Unarmed Combat
 + Level 5.1 Spellcasting
 + Level 1.0 Conjurations
 + Level 1.0 Hexes
 + Level 1.0 Charms
 + Level 1.0 Summonings
 + Level 1.0 Necromancy
 + Level 1.0 Translocations
 + Level 3.9 Transmutations
 + Level 1.0 Fire Magic
 + Level 1.0 Ice Magic
 + Level 1.0 Air Magic
 + Level 1.0 Earth Magic
 + Level 1.0 Poison Magic
 + Level 1.4 Invocations
 + Level 1.3 Evocations


You had 13 spell levels left.
You knew the following spells:

 Your Spells              Type           Power        Failure   Level  Hunger
a - Beastly Appendage     Tmut           ###...       98%         1    None


Dungeon Overview and Level Annotations

Branches:
Dungeon (3/15)

Altars:
Makhleb


Innate Abilities, Weirdness & Mutations

Your experience applies equally to all skills.
You have very sharp teeth.
Your uncanny sense of smell can sniff out nearby items.


Message History

The jackal bites you but does no damage.
The orc wizard mumbles some strange words.
The orc wizard blinks!
The orc barely misses you.
Your plate armour prevents you from hitting the orc wizard.
Your bite misses the orc wizard.
The jackal bites you but does no damage.
The orc wizard hits you but does no damage.
The orc hits you but does no damage. The jackal barely misses you.
You closely miss the orc wizard.
The orc priest mumbles some strange prayers to Beogh against you.
Beogh smites you! The jackal barely misses you.
The orc wizard hits you with a dagger.
You hit the orc wizard but do no damage.
The orc hits you but does no damage.
The orc priest mumbles some strange prayers to Beogh against you.
Beogh smites you!
* * * LOW HITPOINT WARNING * * *
The jackal bites you.
You die...

#.# # #.# .# .
#.##'##..
#........
#o..h..h. .#
#oh......
.>#.###h#
.##...oh#
8######@#
##o######
########.......#
#..............#
##.............#
#......#+######
##.....# #.#####
#..#


You could see an orc priest, an orc wizard, 2 orcs and 3 jackals.

Vanquished Creatures
  A hound (D:2)
  Terence (D:3)
  2 adders (D:2)
  An ooze (D:1)
  2 worms
  6 bats
  3 giant cockroaches (D:2)
  5 goblins
  4 hobgoblins
  4 frilled lizards
  5 kobolds
  3 rats
37 creatures vanquished.

Notes
Turn   | Place    | Note
-------+----------+-------------------------------------------
     0 | D:1      | nightchill the Gnoll Transmuter began the quest for the Orb.
     0 | D:1      | Reached XP level 1. HP: 17/17 MP: 6/6
   200 | D:1      | Reached XP level 2. HP: 23/23 MP: 7/7
   725 | D:2      | Reached skill level 5 in Spellcasting
   725 | D:2      | Reached skill level 1 in Invocations
   725 | D:2      | Reached XP level 3. HP: 24/28 MP: 7/9
   728 | D:2      | Found a burning altar of Makhleb.
   791 | D:2      | Reached skill level 1 in Short Blades
   791 | D:2      | Reached skill level 1 in Long Blades
   791 | D:2      | Reached skill level 1 in Axes
   791 | D:2      | Reached skill level 1 in Maces & Flails
   791 | D:2      | Reached skill level 1 in Polearms
   791 | D:2      | Reached skill level 1 in Staves
   791 | D:2      | Reached skill level 1 in Slings
   791 | D:2      | Reached skill level 1 in Bows
   791 | D:2      | Reached skill level 1 in Crossbows
   791 | D:2      | Reached skill level 1 in Throwing
   791 | D:2      | Reached skill level 1 in Armour
   791 | D:2      | Reached skill level 1 in Stealth
   791 | D:2      | Reached skill level 1 in Shields
   791 | D:2      | Reached skill level 1 in Evocations
   791 | D:2      | Reached XP level 4. HP: 32/34 MP: 11/11
  1344 | D:3      | Noticed Terence
  1350 | D:3      | Killed Terence
  1350 | D:3      | Reached skill level 1 in Conjurations
  1350 | D:3      | Reached skill level 1 in Hexes
  1350 | D:3      | Reached skill level 1 in Charms
  1350 | D:3      | Reached skill level 1 in Summonings
  1350 | D:3      | Reached skill level 1 in Necromancy
  1350 | D:3      | Reached skill level 1 in Translocations
  1350 | D:3      | Reached skill level 1 in Fire Magic
  1350 | D:3      | Reached skill level 1 in Ice Magic
  1350 | D:3      | Reached skill level 1 in Air Magic
  1350 | D:3      | Reached skill level 1 in Earth Magic
  1350 | D:3      | Reached skill level 1 in Poison Magic
  1351 | D:3      | Reached XP level 5. HP: 40/40 MP: 12/12
  1446 | D:3      | HP: 1/40 [orc priest/divine providence (15)]
  1446 | D:3      | Slain by a jackal

Skill      XL: |  1  2  3  4 |
---------------+-------------+-----
Spellcasting   | 5 |  5.1
Invocations    | 1 |  1.4
Short Blades   | 1 |  1.3
Long Blades    | 1 |  1.3
Axes           | 1 |  1.3
Maces & Flails | 1 |  1.3
Polearms       | 1 |  1.3
Staves         | 1 |  1.3
Slings         | 1 |  1.3
Bows           | 1 |  1.3
Crossbows      | 1 |  1.3
Throwing       | 1 |  1.3
Armour         | 1 |  1.3
Stealth        | 1 |  1.3
Shields        | 1 |  1.3
Evocations     | 1 |  1.3
Conjurations   | 1 |  1.0
Hexes          | 1 |  1.0
Charms         | 1 |  1.0
Summonings     | 1 |  1.0
Necromancy     | 1 |  1.0
Translocations | 1 |  1.0
Fire Magic     | 1 |  1.0
Ice Magic      | 1 |  1.0
Air Magic      | 1 |  1.0
Earth Magic    | 1 |  1.0
Poison Magic   | 1 |  1.0
Fighting       | |  2.8
Dodging        | |  4.7
Unarmed Combat | |  6.6
Transmutations | |  3.9

Action                   |  1- 3 |  4- 6 || total
-------------------------+-------+-------++-------
Melee: Unarmed           |    79 |    24 ||   103
       Bite              |     9 |    10 ||    19
       Dagger            |       |    48 ||    48
       Punch             |       |     1 ||     1
 Abil: Evoke Berserk Rag |       |     1 ||     1
  Eat: Chunk             |       |     3 ||     3
Armor: Plate armour      |    54 |    59 ||   113
       Robe              |     3 |       ||     3
Dodge: Dodged            |    28 |    19 ||    47
